Selects Australian Defense Battlegroup
Selects Australian Light Infantry Section
Australian Light Infantry Section
Construct Section Command Post
Selects 2-pounder Anti-tank Gun Team
2-pounder Anti-tank Gun Team
Construct Field Infirmary
Construct Platoon Command Post
Selects CMP 15cwt Supply Run
Construct Company Command Post
Selects Reinforced Resource Caches
6-pounder Anti-tank Gun Team
Selects Archer Tank Destroyer